 Dungeon Crawl Stone Soup version 0.20.0-8-g6b59dc7 (webtiles) character file.

506544 Jannitor the Executioner (level 23, -8/232 HPs)
             Began as a Demonspawn Chaos Knight on May 30, 2017.
             Was the Champion of Makhleb.
             Killed from afar by a pearl dragon (31 damage)
             ... with a blast of cleansing flame
             ... on level 4 of a ziggurat on May 31, 2017.
             The game lasted 03:11:10 (48170 turns).

Jannitor the Executioner (Demonspawn Chaos Knight) Turns: 48170, Time: 03:11:11

Health: -8/232     AC: 48    Str: 28    XL:     23   Next: 85%
Magic:  0/34       EV: 19    Int: 16    God:    Makhleb [******]
Gold:   3101       SH:  0    Dex: 18    Spells: 9/22 levels left

rFire    + . .     SeeInvis +   x - +7 executioner's axe of Ucapleqo {distort, Str+5 Int-2 SInv}
rCold    . . .     Gourm    .   (shield currently unavailable)
rNeg     . . .     Faith    .   A - +15 Maxwell's patent armour {-Cast -Tele rElec MR+ rCorr}
rPois    .         Spirit   +   (helmet unavailable)
rElec    +         Reflect  .   I - +0 cloak {MR+}
rCorr    +         Harm     +   z - +0 pair of gloves "Neocoi" {Str+4}
MR       ++++.     Clarity  +   b - +2 pair of boots Stlth ..........NoTele +
                                r - amulet of harm
Regen    0.9/turn  NoCast   +   l - ring of protection from fire
MPRegen  0.5/turn               a - ring "Oproatei" {MR+ EV+3}

@: sanguine armour, heavily drained
A: hooves 1, horns 3, camouflage 1, see invisible, agile 2, blink, clarity,
clever 1, demonic guardian 2, sense surroundings 1, regeneration 1, robust 2,
electricity resistance, wild magic 1, evolution 1, augmentation 2, magic shield,
magic regeneration, magic link, MP-powered wands, sanguine armour 2
}: 3/15 runes: decaying, silver, gossamer
a: Blink, Minor Destruction, Lesser Servant of Makhleb, Major Destruction,
Greater Servant of Makhleb, Renounce Religion


You were on level 4 of a ziggurat.
You worshipped Makhleb.
Makhleb was exalted by your worship.
You were not hungry.

You visited 9 branches of the dungeon, and saw 44 of its levels.
You visited the Abyss 1 time.
You visited 1 ziggurat, and saw 4 of its levels.
You also visited: Trove and Volcano.

You collected 8056 gold pieces.
You spent 4955 gold pieces at shops.

Inventory:

Hand Weapons
 x - the +7 executioner's axe of Ucapleqo (weapon) {distort, Str+5 Int-2 SInv}
   (You acquired it on level 2 of the Lair of Beasts)

   It warps and distorts space around it.
   Unwielding it can cause banishment or high damage.
   It affects your strength (+5).
   It affects your intelligence (-2).
   It lets you see invisible.
Armour
 b - a +2 pair of boots (worn)
 k - a +1 plate armour of cold resistance
 z - the +0 pair of gloves "Neocoi" (worn) {Str+4}
   (You found it in a treasure trove)

   It affects your strength (+4).
 A - the +15 Maxwell's patent armour (worn) {-Cast -Tele rElec MR+ rCorr}
   (You acquired it on level 4 of the Vaults)

   It insulates you from electricity.
   It affects your resistance to hostile enchantments.
   It prevents spellcasting.
   It prevents most forms of teleportation.
   It protects you from acid and corrosion.
 I - a +0 cloak of magic resistance (worn)
Jewellery
 a - the ring "Oproatei" (right hand) {MR+ EV+3}
   (Xom gifted it to you on level 3 of the Swamp)

   [ring of evasion]

   It affects your evasion (+3).
   It affects your resistance to hostile enchantments.
 l - a ring of protection from fire (left hand)
 r - an amulet of harm (around neck)
 H - an uncursed ring of flight
 L - an uncursed ring of stealth {unknown}
Wands
 n - a wand of enslavement (12/24)
 q - a wand of digging (14/24)
 t - a wand of scattershot (3/9)
 v - a wand of disintegration (1/24)
 B - a wand of acid (9/15)
 S - a wand of lightning (7/15)
 W - a wand of disintegration (4/24)
Scrolls
 d - 8 scrolls of magic mapping
 e - 22 scrolls of teleportation
 g - 2 scrolls of silence
 i - 34 scrolls of remove curse
 p - 8 scrolls of fear
 w - 4 scrolls of blinking
 D - a scroll of brand weapon
 J - a scroll of summoning
 M - 6 scrolls of fog
 N - 5 scrolls of enchant weapon
 P - 7 scrolls of enchant armour
 Q - 7 scrolls of recharging
 X - 10 scrolls of identify
Potions
 m - 8 potions of mutation
 o - 12 potions of curing
 s - 5 potions of ambrosia
 u - 9 potions of agility
 C - 10 potions of lignification
 E - 2 potions of haste
 F - a potion of berserk rage
 G - 8 potions of flight
 K - 8 potions of magic
 O - 3 potions of might
 T - a potion of cancellation
 V - 2 potions of resistance
 Y - 7 potions of heal wounds
Miscellaneous
 y - a fan of gales
 R - 5 phantom mirrors
 U - a box of beasts
 Z - a lightning rod (4/4)
Comestibles
 c - 13 bread rations
 f - 40 royal jellies
 h - 29 meat rations
 j - 66 fruits


   Skills:
 + Level 19.1(17.3) Fighting
 * Level 23.0(21.1) Axes
 + Level 17.8(16.1) Armour
 + Level 14.0(12.4) Dodging
 + Level 15.7(14.0) Invocations
 - Level 9.0(7.6) Evocations


You had 9 spell levels left.
You knew the following spells:

 Your Spells              Type           Power        Failure   Level  Hunger
a - Deflect Missiles      Chrm/Air       #.........   100%        6    #######
b - Ring of Flames        Chrm/Fire      #.........   100%        7    #######


Dungeon Overview and Level Annotations

Branches:
Dungeon (15/15)            Temple (1/1) D:5            Lair (6/6) D:8
  Swamp (4/4) Lair:3       Spider (4/4) Lair:2        Slime (0/5) Lair:6
    Orc (2/2) D:9             Elf (3/3) Orc:2        Vaults (5/5) D:14
  Crypt (0/3) Vaults:2     Depths (4/5) D:15

Altars:
Ashenzari
Cheibriados
Dithmenos
Elyvilon
Fedhas
Gozag
Hepliaklqana
Kikubaaqudgha
Makhleb
Nemelex Xobeh
Okawaru
Qazlal
Ru
Trog
Uskayaw
Vehumet
Xom
Yredelemnul
Zin
The Shining One
Beogh
Lugonu

Shops:
D:5 *   D:10 (*   Orc:1 *   Orc:2 !::(   Elf:3 (   Vaults:1 :   Vaults:4 }
Depths:1 }=}=   Depths:4 ((

Portals:
Hell: Depths:1 Depths:2 Depths:3 Depths:4
Abyss: Depths:1 Depths:3*
Pandemonium: Depths:3

Annotations:
D:12 Nessos
Elf:2 3 runed doors
Abyss:1 Arachne, Harold, Sonja


Innate Abilities, Weirdness & Mutations

You have a pair of large horns on your head.
A demonic guardian rushes to your aid.
Your magical and physical power is enhanced at high health.
When hurt, damage is shared between your health and your magic reserves.
You regenerate magic rapidly.
When low on magic, you restore magic in place of health.
When seriously injured, your bleeding wounds create thick armour. (AC +9)
You have large cloven feet.
Your skin changes colour to match your surroundings (Stealth+).
You have supernaturally acute eyesight. (SInv)
You are very agile. (Dex +4)
You can translocate small distances at will.
You possess an exceptional clarity of mind.
Your mind is acute. (Int +2)
You passively map a small area around you.
Your natural rate of healing is unusually fast.
You are very robust. (+20% HP)
You are resistant to electric shocks. (rElec)
Your spells are a little harder to cast, but a little more powerful.
You evolve.
You expend magic power (3 MP) to strengthen your wands.


Message History

You hit the pearl dragon but do no damage.
The pearl dragon disappears!
The pearl dragon reappears nearby!
The pearl dragon blinks!
You barely miss the pearl dragon.
You headbutt the pearl dragon, but do no damage.
The pearl dragon is almost dead.
The pearl dragon closely misses you. The pearl dragon misses you.
Your Maxwell's patent armour prevents you from hitting the pearl dragon.
The pearl dragon is almost dead.
The pearl dragon bites you!!
* * * LOW HITPOINT WARNING * * *
The pearl dragon sears you!!
* * * LOW HITPOINT WARNING * * *
The pearl dragon claws you but does no damage.
Unknown command.
You feel much better.
The pearl dragon breathes cleansing flame at you.
The blast of cleansing flame engulfs you!
You writhe in agony!
You die...

▓▓▓▓▓▓▓▓▓
▓▓.......▓▓
▓▓)........▓▓
▓∩$.........▓▓
!>[...D....∩.▓
▓∩)...D@....▓▓
▓▓.........▓▓
▓▓.......▓▓
▓▓▓▓▓▓▓▓▓


You could see 2 pearl dragons.

Vanquished Creatures
  2 ancient liches (Vaults:5)
  Mara (Spider:4)
  Bai Suzhen (Swamp:4)
  the Lernaean hydra (Swamp:4)
  Margery (Depths:2)
  Jory (Vaults:4)
  A pandemonium lord (Zig:3)
  2 golden dragons (Vaults:5)
  2 liches
  3 tentacled monstrosities (Vaults:5)
  A titan (Vaults:5)
  2 deep elf blademasters (Elf:3)
  A quicksilver dragon (Vaults:5)
  2 sphinxes (Vaults:5)
  2 thorn hunters
  A tentacled starspawn (Abyss:2)
  3 deep elf master archers (Elf:3)
  Frances (Spider:2)
  9 tengu reavers
  3 shadow dragons (Vaults:5)
  Roxanne (Elf:1)
  Kirke (Spider:3)
  5 fire giants
  A storm dragon (Vaults:4)
  Donald (Swamp:4)
  8 frost giants
  A balrug (Zig:3)
  A nagaraja (Zig:2)
  12 vault wardens
  4 ghost moths
  A frost giant (shapeshifter) (Vaults:4)
  A cacodemon (Zig:3)
  An orc warlord (Orc:2)
  6 deep elf sorcerers
  3 deep elf elementalists (Elf:3)
  Louise (Swamp:1)
  3 emperor scorpions
  A spriggan defender (Depths:1)
  A war gargoyle (Vaults:4)
  17 very ugly things
  12 ironheart preservers
  4 entropy weavers
  17 stone giants
  3 deep elf demonologists
  7 deep elf annihilators
  2 spark wasps
  The ghost of flt the Destroyer, a journeyman GrFE of Ashenzari (Lair:4)
  3 deep elf death magi
  9 ettins
  A crystal guardian (Vaults:1)
  5 fire dragons
  11 yaktaur captains
  4 deep elf high priests
  Erolcha (D:11)
  Josephine (Lair:5)
  4 rakshasas
  26 vault guards
  2 great orbs of eyes
  2 ice dragons
  21 hydras
  A ghost crab (Swamp:1)
  2 spriggan air magi
  5 centaur warriors
  A catoblepas (Lair:6)
  14 ogre magi
  52 two-headed ogres
  3 death knights
  15 dancing weapons
  5 deep troll shamans
  6 tengu warriors
  3 death yaks (Lair:6)
  3 alligators (Swamp:1)
  8 deep troll earth magi
  4 spriggan berserkers
  10 deep elf knights
  7 spriggans
  15 hell knights
  A spatial maelstrom (Abyss:2)
  An iron troll (Depths:2)
  3 shadow wraiths
  8 skeletal warriors
  A deep troll (shapeshifter) (Vaults:5)
  2 unseen horrors
  2 flayed ghosts
  3 spriggan druids (Swamp:3)
  4 glowing orange brains
  4 wizards
  23 deep trolls
  8 swamp dragons
  A glowing orange brain (shapeshifter) (Depths:3)
  A lindwurm (Lair:6)
  4 phantasmal warriors
  6 harpies
  20 ironbrand convokers
  A tengu zombie (Vaults:4)
  14 orc knights
  10 deep elf archers
  15 orb spiders
  14 necromancers
  52 deep elf magi
  22 wolf spiders
  4 cyclopes
  A spectral fire dragon (Zig:1)
  31 ugly things
  A moth of wrath (Spider:4)
  5 orc sorcerers
  4 manticores
  A toenail golem (Volcano)
  6 black mambas
  A black mamba (shapeshifter) (Vaults:4)
  A centaur zombie (D:12)
  A guardian serpent (shapeshifter) (Depths:3)
  A water nymph (shapeshifter) (Depths:1)
  Psyche (D:9)
  10 vault sentinels
  A fire giant skeleton (D:15)
  A water nymph (Swamp:1)
  2 smoke demons (Abyss:2)
  A molten gargoyle (Volcano)
  2 guardian serpents (Depths:4)
  17 spiny frogs
  12 elephants
  An elf skeleton (Vaults:5)
  7 freezing wraiths
  10 rime drakes
  A rime drake (shapeshifter) (Elf:2)
  5 efreet
  7 komodo dragons
  34 yaktaurs
  An ancient zyme (Abyss:2)
  13 demonic crawlers
  A human skeleton (Vaults:4)
  2 queen bees
  2 hellwings (Abyss:2)
  A queen bee (shapeshifter) (Vaults:2)
  2 tengu conjurers
  14 trolls
  28 jumping spiders
  A tyrant leech (Swamp:1)
  A hornet (shapeshifter) (Vaults:3)
  A meliai (shapeshifter) (Vaults:5)
  8 meliai
  2 large abominations (Abyss:2)
  A merfolk (shapeshifter) (Vaults:5)
  17 blink frogs
  A blink frog (shapeshifter) (Vaults:4)
  23 hornets
  2 dream sheep (Lair:6)
  6 bog bodies
  A human simulacrum (Vaults:1)
  10 slime creatures
  18 hippogriffs
  2 raiju (Abyss:2)
  A tarantella (shapeshifter) (Depths:1)
  An air elemental (Elf:1)
  2 ettin skeletons
  2 spriggan zombies (D:15)
  A spriggan (shapeshifter) (Depths:1)
  A yak (shapeshifter) (Elf:1)
  3 vampires
  60 redbacks
  19 tarantellas
  37 yaks
  3 shadows
  2 ynoxinuls (Abyss:2)
  2 redbacks (shapeshifter) (Vaults:5)
  8 wyverns
  A human (shapeshifter) (Vaults:2)
  7 wraiths
  Grum (Lair:1)
  9 basilisks
  2 hogs (Spider:3)
  4 fire bats (Lair:5)
  4 fire elementals
  15 humans (D:14)
  2 chaos spawn (Abyss:2)
  A steam dragon (Lair:6)
  23 swamp worms
  7 vampire mosquitoes
  5 spatial vortices
  11 insubstantial wisps
  4 wargs
  2 acid dragons (Lair:6)
  7 porcupines
  14 swamp drakes
  13 water moccasins
  7 sky beasts
  A floating eye (shapeshifter) (D:15)
  40 orc warriors
  A hornet zombie (D:10)
  4 small abominations
  5 ice beasts
  2 eyes of draining
  8 boggarts
  A necrophage (D:14)
  39 ogres
  A boggart (shapeshifter) (D:8)
  4 wolves
  9 centaurs
  9 crocodiles
  A human zombie (Vaults:5)
  20 bullfrogs
  A gnoll sergeant (D:7)
  A wyvern skeleton (D:8)
  4 earth elementals
  3 scorpions
  25 killer bees
  3 electric eels
  9 wights
  A howler monkey (D:6)
  7 crimson imps
  7 jellies
  2 quasits
  26 orc priests
  7 hounds
  2 iron imps
  9 starcursed masses (Abyss:2)
  6 centaur skeletons
  7 bullfrog skeletons
  A gnoll shaman (D:6)
  7 iguanas
  27 orc wizards
  11 worker ants
  2 hell rats
  2 hound zombies
  2 hound skeletons
  A worker ant zombie (D:6)
  8 adders
  11 gnolls
  3 shadow imps
  2 white imps
  20 oozes
  3 adder zombies
  A worm (shapeshifter) (Lair:1)
  3 worms
  A dart slug (D:2)
  9 leopard geckos
  123 orcs
  A ball python (D:1)
  4 giant cockroaches
  5 goblins
  12 hobgoblins
  5 jackals (D:1)
  16 kobolds
  6 quokkas
  5 bats
  2 frilled lizards
  A jackal skeleton (D:8)
  A leopard gecko zombie (D:9)
  A quokka zombie (D:6)
  9 rats
  4 briar patches (Swamp:4)
  2 fire vortices
  5 fungi
  5 plants
  2 starspawn tentacles (Abyss:2)
1816 creatures vanquished.

Vanquished Creatures (collateral kills)
  A golden dragon (Vaults:5)
  Nikola (Swamp:1)
  A pearl dragon (Zig:4)
  A shadow dragon (Vaults:5)
  A vault warden (Vaults:2)
  Aizul (Swamp:1)
  A spriggan defender (Depths:1)
  A deep elf elementalist (Elf:3)
  2 ironheart preservers
  A very ugly thing (Vaults:5)
  A spark wasp (Depths:2)
  A deep elf death mage (Elf:3)
  2 great orbs of eyes
  A fire dragon (Vaults:4)
  A vault guard (Vaults:2)
  A hydra (Swamp:2)
  2 ogre magi
  4 two-headed ogres
  3 tengu warriors
  A two-headed ogre (shapeshifter) (Depths:2)
  A naga sharpshooter (Zig:2)
  3 spriggans
  A deep elf knight (Vaults:2)
  A spriggan berserker (Depths:3)
  3 hell knights (Depths:2)
  2 deep trolls
  A flayed ghost (Vaults:2)
  A glowing orange brain (Vaults:3)
  A shambling mangrove (Swamp:2)
  A deep elf archer (Elf:3)
  A swamp dragon (Swamp:4)
  A harpy (Vaults:3)
  6 deep elf magi
  A sphinx skeleton (D:15)
  2 ugly things
  A cyclops (Orc:2)
  2 orb spiders
  A wolf spider (Spider:1)
  A slime creature (Depths:2)
  A moth of wrath (Spider:4)
  2 elephants (Lair:4)
  A vault sentinel (Vaults:3)
  A torpor snail (Lair:2)
  3 yaktaurs
  4 hornets
  2 jumping spiders (Spider:2)
  A blink frog (Lair:6)
  2 redbacks
  A spriggan (shapeshifter) (Vaults:2)
  2 tarantellas
  3 yaks
  2 swamp worms (Swamp:1)
  2 water moccasins (Lair:1)
  An orc warrior (D:8)
  5 ogres
  2 boggarts
  A big kobold (D:7)
  4 killer bees
  2 orc priests (D:4)
  An adder skeleton (D:7)
  A worm (D:4)
  A leopard gecko (D:7)
  3 orcs
  A briar patch (Swamp:4)
  A fungus (Lair:2)
109 creatures vanquished.

Vanquished Creatures (others)
  A golden dragon (Depths:4)
  A deep elf blademaster (Elf:3)
  A fire giant (Depths:1)
  2 vault wardens
  An orc warlord (Vaults:3)
  The ghost of Nr616 the Warrior, a journeyman MiGl of Okawaru (Orc:2)
  A very ugly thing (Vaults:5)
  A vampire knight (Depths:3)
  A stone giant (Depths:2)
  A deep elf demonologist (Elf:3)
  A deep elf annihilator (Elf:3)
  2 ettins
  A fire dragon (Lair:6)
  A yaktaur captain (Vaults:2)
  5 vault guards (Vaults:5)
  A hydra (Swamp:4)
  2 death knights (Vaults:2)
  A centaur warrior (Vaults:2)
  4 two-headed ogres
  A tengu warrior (Depths:3)
  A dancing weapon (Swamp:4)
  An ogre mage (Vaults:2)
  A spriggan berserker (Depths:3)
  A deep elf knight (Elf:3)
  2 skeletal warriors
  A deep elf archer (Elf:3)
  A wizard (Depths:1)
  A swamp dragon (Lair:6)
  4 ironbrand convokers
  A harpy (Spider:2)
  A phantasmal warrior (D:15)
  3 deep elf magi
  4 wolf spiders
  An ugly thing (Vaults:4)
  A moth of wrath (Spider:4)
  2 elephants (Lair:6)
  A black mamba (Lair:6)
  2 spiny frogs
  A centaur zombie (D:12)
  A rime drake (Lair:6)
  2 yaktaurs
  A komodo dragon (Lair:2)
  2 demonic crawlers
  A freezing wraith (Vaults:3)
  A yaktaur skeleton (Vaults:5)
  A meliai (D:15)
  A polar bear (Swamp:3)
  A tyrant leech (Swamp:1)
  2 blink frogs
  2 slime creatures
  3 redbacks
  An air elemental (Elf:3)
  A wyvern (Lair:4)
  3 yaks (Lair:6)
  A basilisk (Lair:5)
  3 humans
  An orc warrior (Vaults:4)
  A centaur (Vaults:1)
  A killer bee (Spider:4)
  An orc priest (D:3)
  A leopard gecko (D:7)
  An orc (D:3)
  4 briar patches (Swamp:4)
  A bush (Lair:1)
  2 fire vortices
  14 fungi
  13 plants
  2 starspawn tentacles (Abyss:2)
129 creatures vanquished.

Grand Total: 2054 creatures vanquished

Notes
Turn   | Place    | Note
-------+----------+-------------------------------------------
     0 | D:1      | Jannitor the Demonspawn Chaos Knight began the quest for the Orb.
     0 | D:1      | Reached XP level 1. HP: 18/18 MP: 1/1
    23 | D:1      | Reached skill level 1 in Dodging
    27 | D:1      | XOM: potion effect (curing)
   225 | D:1      | Gained mutation: When hurt, damage is shared between your health and your magic reserves. [demonic ancestry]
   225 | D:1      | Reached XP level 2. HP: 23/24 MP: 2/2
   331 | D:1      | XOM: harmless Tloc miscast
   596 | D:1      | Reached skill level 3 in Axes
   603 | D:1      | XOM: harmless Ice miscast
   661 | D:1      | XOM: god gift: ring mail {god gift}
   737 | D:1      | Gained mutation: When seriously injured, your bleeding wounds create armour. (AC +9) [demonic ancestry]
   737 | D:1      | Reached XP level 3. HP: 27/29 MP: 3/3
  1590 | D:3      | XOM: noise
  1617 | D:3      | XOM: give mutations
  1617 | D:3      | Gained mutation: You have a pair of small horns on your head. [Xom's grace]
  1617 | D:3      | Gained mutation: You are resistant to electric shocks. (rElec) [Xom's grace]
  1617 | D:3      | Gained mutation: Your flesh is cold resistant. (rC+) [Xom's grace]
  1807 | D:3      | Reached XP level 4. HP: 34/35 MP: 4/4
  1817 | D:3      | XOM: divine lightning
  1820 | D:3      | XOM: cloud trail
  2281 | D:3      | Found a faded altar of an unknown god.
  2333 | D:3      | XOM: cast spell 'Cause Fear'
  2356 | D:3      | XOM: fog
  2377 | D:3      | Reached XP level 5. HP: 42/42 MP: 3/5
  2607 | D:3      | XOM: give mutations
  2607 | D:3      | Gained mutation: Your mind is acute. (Int +2) [Xom's grace]
  2607 | D:3      | Gained mutation: You have a pair of horns on your head. [Xom's grace]
  3199 | D:3      | XOM: give mutations
  3199 | D:3      | Gained mutation: Your skin changes colour to match your surroundings (Stealth+). [Xom's grace]
  3199 | D:3      | Gained mutation: Your muscles are strong. (Str +2) [Xom's grace]
  3199 | D:3      | Gained mutation: You are agile. (Dex +2) [Xom's grace]
  3199 | D:3      | Gained mutation: You have supernaturally acute eyesight. (SInv) [Xom's grace]
  3275 | D:3      | XOM: divination: magic mapping
  3364 | D:4      | XOM: god gift: chain mail {god gift}
  3402 | D:4      | XOM: scenery: create altars
  3418 | D:4      | XOM: god gift: runed rapier {god gift}
  3443 | D:4      | Noticed a centaur
  3447 | D:4      | XOM: confusion
  3454 | D:4      | Killed a centaur
  3534 | D:4      | XOM: harmless Summ miscast
  3845 | D:4      | Found a basalt altar of Yredelemnul.
  3847 | D:4      | Noticed a profane servitor
  3856 | D:4      | Found a glowing golden altar of the Shining One.
  4214 | D:4      | XOM: mild Fire miscast
  4284 | D:4      | Noticed an ogre
  4293 | D:4      | Killed an ogre
  4293 | D:4      | Reached skill level 4 in Axes
  4293 | D:4      | Reached XP level 6. HP: 47/49 MP: 4/6
  4379 | D:4      | Noticed an angel
  4396 | D:5      | Entered Level 5 of the Dungeon
  4445 | D:5      | Found a staircase to the Ecumenical Temple.
  4463 | D:5      | XOM: potion effect (curing)
  4556 | D:5      | XOM: medium Tmut miscast
  4611 | D:5      | Noticed an ice beast
  4619 | D:5      | Killed an ice beast
  4619 | D:5      | Reached skill level 5 in Fighting
  4619 | D:5      | Reached XP level 7. HP: 56/56 MP: 7/7
  4675 | D:5      | Found Obid's Assorted Antiques.
  4686 | D:5      | Bought a black potion for 21 gold pieces
  4686 | D:5      | Bought a scroll labeled BISEUS HUNIHE for 24 gold pieces
  4686 | D:5      | Bought 3 scrolls labeled UCZAEG TOTOY for 72 gold pieces
  4686 | D:5      | Bought a small pearl amulet for 120 gold pieces
  4940 | D:5      | Found a blossoming altar of Fedhas.
  4984 | D:5      | XOM: give mutations
  4984 | D:5      | Gained mutation: Your natural rate of healing is unusually fast. [Xom's grace]
  4984 | D:5      | Gained mutation: Your flesh is heat resistant. (rF+) [Xom's grace]
  4984 | D:5      | Gained mutation: You are robust. (+10% HP) [Xom's grace]
  4984 | D:5      | Gained mutation: You are very robust. (+20% HP) [Xom's grace]
  5029 | D:5      | XOM: give mutations
  5029 | D:5      | Gained mutation: Your mind is very acute. (Int +4) [Xom's grace]
  5029 | D:5      | Gained mutation: You are somewhat resistant to further mutation. [Xom's grace]
  5222 | D:6      | Found a shadowy altar of Dithmenos.
  5248 | D:6      | XOM: scenery: create altars
  5251 | D:6      | Reached skill level 5 in Axes
  5253 | D:6      | XOM: polymorph crimson imp -> iron imp
  5434 | D:6      | Gained mutation: A weak demonic guardian rushes to your aid. [demonic ancestry]
  5434 | D:6      | Reached XP level 8. HP: 63/76 MP: 6/8
  5435 | D:6      | XOM: fake destruction
  5450 | D:6      | XOM: god gift: 19 sling bullets
  5473 | D:6      | Reached skill level 5 in Armour
  5550 | D:7      | Found a shimmering altar of Xom.
  5550 | D:7      | Found a glowing silver altar of Zin.
  5550 | D:7      | Noticed an angel
  5555 | D:7      | XOM: divination: detect items
  5653 | D:7      | Reached skill level 6 in Axes
  5688 | D:7      | XOM: cloud trail
  5787 | D:7      | XOM: divination: detect creatures
  6035 | D:7      | XOM: silly message
  6092 | D:7      | Noticed a hippogriff
  6097 | D:7      | XOM: potion effect (might)
  6100 | D:7      | Killed a hippogriff
  6100 | D:7      | Mutation became permanent: You have a pair of small horns on your head. [demonic ancestry]
  6100 | D:7      | Gained mutation: You have a pair of horns on your head. [demonic ancestry]
  6100 | D:7      | Reached XP level 9. HP: 56/86 MP: 6/9
  6524 | D:8      | Found a hide-covered altar of Uskayaw.
  6542 | D:8      | XOM: 2-stop teleportation journey
  6567 | D:8      | Found a staircase to the Lair.
  6686 | D:8      | XOM: scenery: create altars
  6761 | D:8      | Reached skill level 7 in Axes
  6766 | D:8      | XOM: fake destruction
  7051 | D:8      | Found a stormy altar of Qazlal.
  7054 | D:8      | Noticed a queen bee
  7066 | D:8      | Killed a queen bee
  7138 | D:8      | Found a bloodstained altar of Trog.
  7139 | D:8      | Found a white marble altar of Elyvilon.
  7139 | D:8      | Found a hide-covered altar of Uskayaw.
  7140 | D:8      | Found a shattered altar of Ashenzari.
  7155 | D:8      | XOM: scenery: create altars
  7200 | D:8      | Reached skill level 8 in Axes
  7586 | D:8      | XOM: medium Summ miscast
  7665 | D:8      | XOM: harmless Chrm miscast
  7688 | Lair:1   | Entered Level 1 of the Lair of Beasts
  7716 | Lair:1   | Reached XP level 10. HP: 97/98 MP: 10/10
  7847 | Lair:1   | XOM: mild Fire miscast
  8093 | Lair:1   | XOM: mild Pois miscast
  8336 | Lair:1   | XOM: 1-stop teleportation journey
  8435 | Lair:1   | XOM: polymorph ufetubus -> white imp
  8438 | Lair:1   | XOM: silly message
  8439 | Lair:1   | XOM: blink monster(s)
  8575 | Lair:1   | Noticed Grum
  8578 | Lair:1   | XOM: medium Chrm miscast
  8595 | Lair:1   | XOM: polymorph shadow imp -> quasit
  8598 | Lair:1   | XOM: confuse monster(s)
  8601 | Lair:1   | Killed Grum
  8742 | Lair:2   | XOM: enchant monster (good)
  8748 | Lair:2   | XOM: scenery: create altars
  8758 | Lair:1   | XOM: give mutation
  8758 | Lair:1   | Lost mutation: Your flesh is heat resistant. (rF+) [Xom's mischief]
  8772 | Lair:1   | XOM: give mutation
  8772 | Lair:1   | Gained mutation: You are extremely robust. (+30% HP) [Xom's grace]
  8789 | Lair:1   | XOM: divination: detect creatures
  8955 | Lair:2   | Reached skill level 9 in Axes
  9057 | Lair:2   | XOM: give mutation
  9057 | Lair:2   | Gained mutation: You can translocate small distances at will. [Xom's grace]
  9199 | Lair:2   | XOM: divine lightning
  9305 | Lair:2   | Identified 2 scrolls of acquirement
  9306 | Lair:2   | Got a shimmering executioner's axe
  9307 | Lair:2   | Identified the +7 executioner's axe of Ucapleqo {distort, Str+5 Int-2 SInv} (You acquired it on level 2 of the Lair of Beasts)
  9388 | Lair:2   | Noticed a spiny frog
  9394 | Lair:2   | Killed a spiny frog
  9394 | Lair:2   | Reached XP level 11. HP: 102/117 MP: 8/11
  9395 | Lair:2   | XOM: divination: detect creatures
  9466 | Lair:2   | Found a hole to the Spider Nest.
  9480 | Lair:2   | XOM: summons 3 friendly demons
  9734 | Lair:2   | XOM: summons 11 friendly demons
  9748 | Lair:2   | Reached skill level 10 in Axes
  9889 | Lair:3   | Noticed a five-headed hydra
  9889 | Lair:3   | XOM: cast spell 'Chain of Chaos'
  9892 | Lair:3   | Killed a five-headed hydra
 10123 | Lair:3   | Got a translucent ring mail
 10124 | Lair:3   | Identified the +2 ring mail of Defiance {rElec rC+ SInv} (You found it on level 3 of the Lair of Beasts)
 10409 | Lair:3   | Reached skill level 10 in Fighting
 10488 | Lair:3   | Found a staircase to the Swamp.
 10603 | Lair:3   | XOM: medium Erth miscast
 10690 | Lair:3   | XOM: harmless Ice miscast
 11066 | Lair:4   | Reached skill level 11 in Axes
 11160 | Lair:4   | Noticed Harold
 11174 | Lair:4   | Banished Harold
 11212 | Lair:4   | XOM: summons friendly white imp
 11215 | Lair:4   | XOM: summons friendly crimson imp
 11315 | Lair:4   | Noticed flt's ghost (journeyman GrFE)
 11315 | Lair:4   | XOM: divination: detect items
 11418 | Lair:4   | Reached XP level 12. HP: 117/128 MP: 10/12
 11487 | Lair:4   | XOM: smoke on damage
 11488 | Lair:4   | Reached skill level 12 in Axes
 11493 | Lair:4   | Noticed an eight-headed hydra
 11498 | Lair:4   | Killed an eight-headed hydra
 11741 | Lair:4   | Noticed Josephine
 11753 | Lair:5   | Killed Josephine
 11894 | Lair:4   | Killed flt's ghost
 11917 | Lair:4   | XOM: give mutations
 11917 | Lair:4   | Lost mutation: Your muscles are strong. (Str +2) [Xom's mischief]
 11917 | Lair:4   | Lost mutation: You have a pair of horns on your head. [Xom's mischief]
 11917 | Lair:4   | Lost mutation: Your mind is very acute. (Int +4) [Xom's mischief]
 11917 | Lair:4   | Lost mutation: Your flesh is cold resistant. (rC+) [Xom's mischief]
 11985 | Lair:4   | Reached skill level 10 in Armour
 12116 | Lair:5   | XOM: confusion (+ monsters)
 12125 | Lair:5   | XOM: potion effect (magic)
 12129 | Lair:5   | XOM: enchant monster (good)
 12136 | Lair:5   | Reached skill level 13 in Axes
 12347 | Lair:5   | Noticed a seven-headed hydra
 12355 | Lair:5   | Killed a nine-headed hydra
 12496 | Lair:5   | XOM: divination: detect creatures
 12800 | Lair:5   | Gained mutation: You regenerate magic rapidly. [demonic ancestry]
 12800 | Lair:5   | Reached XP level 13. HP: 137/139 MP: 13/13
 12983 | Lair:5   | Noticed a fire dragon
 12987 | Lair:5   | XOM: mild Ice miscast
 12992 | Lair:5   | XOM: enchant monster (bad)
 13000 | Lair:5   | XOM: potion effect (magic)
 13002 | Lair:5   | Killed a fire dragon
 13021 | Lair:5   | XOM: confuse monster(s)
 13037 | Lair:5   | Got a polished chain mail
 13051 | Lair:5   | Identified the +8 chain mail of the Louse {rN+ Stlth+} (You found it on level 5 of the Lair of Beasts)
 13194 | Lair:6   | Entered Level 6 of the Lair of Beasts
 13268 | Lair:6   | XOM: silly message
 13269 | Lair:6   | XOM: harmless Pois miscast
 13273 | Lair:6   | XOM: confuse monster(s)
 13433 | Lair:6   | Found a staircase to the Slime Pits.
 13523 | Lair:6   | XOM: confuse monster(s)
 13532 | Lair:6   | Reached skill level 14 in Axes
 13688 | Lair:6   | XOM: summons 2 hostile demons
 13952 | Lair:6   | XOM: scenery: create altars
 13973 | Lair:6   | Noticed a fire dragon
 13980 | Lair:6   | Banished a fire dragon
 13981 | Lair:6   | XOM: divination: magic mapping
 14208 | Lair:6   | XOM: confusion (+ monsters)
 14209 | Lair:6   | XOM: enchant monster (bad)
 14228 | Lair:6   | XOM: torment (69/141 hp)
 14394 | Lair:6   | XOM: polymorph quasit -> iron imp
 14395 | Lair:6   | XOM: summons 6 friendly demons
 14399 | Lair:6   | Gained mutation: Your magical and physical power is slightly enhanced at high health. [demonic ancestry]
 14399 | Lair:6   | Reached XP level 14. HP: 130/150 MP: 11/14
 14406 | Lair:6   | XOM: silly message
 14428 | Lair:6   | Identified the Tome of Unstable Changing
 14710 | D:9      | XOM: silly message
 14735 | D:9      | Found a staircase to the Orcish Mines.
 14818 | D:9      | XOM: harmless Air miscast
 14829 | D:9      | Noticed Psyche
 14830 | D:9      | Reached skill level 15 in Axes
 14866 | D:9      | Killed Psyche
 15197 | Orc:1    | Entered Level 1 of the Orcish Mines
 15401 | Orc:1    | Found Benunwi's Assorted Antiques.
 15455 | Orc:1    | Found a dark tunnel.
 15461 | Volcano  | Entered a volcano
 15471 | Volcano  | XOM: divination: detect items
 15744 | Orc:1    | Bought a coppery potion for 26 gold pieces
 15744 | Orc:1    | Bought a coppery potion for 26 gold pieces
 15744 | Orc:1    | Bought a bronze ring for 145 gold pieces
 15795 | Orc:1    | Found a transporter.
 15825 | Orc:1    | Found a roughly hewn altar of Beogh.
 16072 | Orc:1    | Found a runed door.
 16113 | Orc:1    | XOM: god gift: halberd {god gift}
 16392 | Orc:1    | XOM: scenery: create altars
 16453 | Orc:1    | Found a roughly hewn altar of Beogh.
 16516 | Orc:2    | Entered Level 2 of the Orcish Mines
 16546 | Orc:2    | Noticed an orc warlord
 16547 | Orc:2    | XOM: summons 9 friendly demons
 16553 | Orc:2    | XOM: enchant monster (good)
 16563 | Orc:2    | XOM: smoke on damage
 16565 | Orc:2    | Killed an orc warlord
 16582 | Orc:2    | Noticed Nr616's ghost (journeyman MiGl)
 16593 | Orc:2    | XOM: mild Summ miscast
 16628 | Orc:2    | Banished Nr616's ghost
 16712 | Orc:2    | XOM: medium Ice miscast
 16747 | Orc:2    | Found Widwat's Antique Weapon Boutique.
 16748 | Orc:2    | XOM: potion effect (agility)
 16792 | Orc:2    | XOM: confuse monster(s)
 16810 | Orc:2    | XOM: confuse monster(s)
 16836 | Orc:2    | XOM: polymorph orc -> giant cockroach
 17009 | Orc:2    | Found a staircase to the Elven Halls.
 17108 | Orc:2    | Reached skill level 1 in Evocations
 17409 | Orc:2    | XOM: cast spell 'Monstrous Menagerie'
 17469 | Orc:2    | XOM: noise
 17497 | Orc:2    | XOM: confuse monster(s)
 17500 | Orc:2    | XOM: cast spell 'Statue Form'
 17539 | Orc:2    | XOM: blink monster(s)
 17546 | Orc:2    | Found Subleoxu's Book Shop.
 17550 | Orc:2    | Found Naem's Book Shoppe.
 17554 | Orc:2    | XOM: medium Necr miscast
 17680 | Orc:2    | Found Plog's Distillery.
 17688 | Orc:2    | Bought a potion of haste for 140 gold pieces
 17688 | Orc:2    | Bought a potion of heal wounds for 70 gold pieces
 17688 | Orc:2    | Bought a potion of haste for 140 gold pieces
 17688 | Orc:2    | Bought a potion of might for 56 gold pieces
 17688 | Orc:2    | Bought a potion of heal wounds for 70 gold pieces
 17688 | Orc:2    | Bought 2 potions of curing for 84 gold pieces
 17920 | Orc:2    | XOM: harmless Tmut miscast
 18099 | Spider:1 | Entered Level 1 of the Spider Nest
 18141 | Spider:1 | Reached skill level 16 in Axes
 18233 | Spider:1 | XOM: summons friendly shadow imp
 18623 | Spider:1 | XOM: cast spell 'Metabolic Englaciation'
 18684 | Spider:1 | XOM: cast spell 'Summon Hydra'
 18704 | Spider:1 | Gained mutation: You have a pair of horns on your head. [demonic ancestry]
 18704 | Spider:1 | Reached XP level 15. HP: 132/161 MP: 13/17
 18814 | Spider:1 | XOM: give mutations
 18814 | Spider:1 | Gained mutation: Your muscles are strong. (Str +2) [Xom's grace]
 18814 | Spider:1 | Gained mutation: You are very agile. (Dex +4) [Xom's grace]
 18814 | Spider:1 | Gained mutation: You have large cloven feet. [Xom's grace]
 18814 | Spider:1 | Gained mutation: You possess an exceptional clarity of mind. [Xom's grace]
 19359 | Spider:2 | XOM: cast spell 'Metabolic Englaciation'
 19608 | Spider:2 | XOM: potion effect (haste)
 19622 | Spider:2 | XOM: harmless Fire miscast
 19737 | Spider:2 | XOM: polymorph quasit -> iron imp
 19761 | Spider:2 | XOM: 9-stop teleportation journey
 19771 | Spider:2 | XOM: give mutations
 19771 | Spider:2 | Lost mutation: You are resistant to electric shocks. (rElec) [Xom's mischief]
 19771 | Spider:2 | Lost mutation: Your muscles are strong. (Str +2) [Xom's mischief]
 19771 | Spider:2 | Lost mutation: You have large cloven feet. [Xom's mischief]
 19932 | Spider:2 | XOM: summons 1 hostile shadow creature
 20257 | Spider:2 | Noticed a ghost moth
 20257 | Spider:2 | XOM: silly message
 20279 | Spider:2 | Killed a ghost moth
 20341 | Spider:2 | Reached skill level 5 in Dodging
 20414 | Spider:2 | XOM: harmless Summ miscast
 20420 | Spider:2 | XOM: harmless Chrm miscast
 20515 | Spider:2 | Noticed Frances
 20515 | Spider:2 | XOM: destruction
 20524 | Spider:2 | Killed Frances
 20575 | Spider:2 | Noticed Arachne
 20588 | Spider:2 | Banished Arachne
 20588 | Spider:2 | Reached skill level 5 in Evocations
 20763 | Spider:2 | XOM: mild Conj miscast
 21168 | Spider:3 | Noticed Kirke
 21178 | Spider:3 | Killed Kirke
 21536 | Spider:3 | XOM: noise
 21641 | Spider:3 | XOM: cast spell 'Death Channel'
 21840 | Spider:4 | Entered Level 4 of the Spider Nest
 21854 | Spider:4 | XOM: summons 14 friendly demons
 21865 | Spider:4 | XOM: 8-stop teleportation journey
 21875 | Spider:4 | Gained mutation: When seriously injured, your bleeding wounds create thick armour. (AC +9) [demonic ancestry]
 21875 | Spider:4 | Reached XP level 16. HP: 59/174 MP: 9/20
 22090 | Spider:4 | Noticed Mara
 22096 | Spider:4 | Noticed Jannitor's illusion
 22138 | Spider:4 | XOM: confuse monster(s)
 22143 | Spider:4 | XOM: 5-stop teleportation journey
 22199 | Spider:4 | XOM: scenery: create altars
 22211 | Spider:4 | Killed Mara
 22211 | Spider:4 | Reached skill level 17 in Axes
 22235 | Spider:4 | XOM: god gift: twitching copper ring {god gift}
 22236 | Spider:4 | Got a twitching copper ring {god gift}
 22237 | Spider:4 | Identified the ring of Kummyhoo {Fire Str+3} (Xom gifted it to you on level 4 of the Spider Nest)
 22516 | Spider:4 | XOM: divination: detect items
 22546 | Spider:4 | XOM: divination: detect creatures
 22560 | Spider:4 | XOM: potion effect (magic)
 22780 | Spider:4 | XOM: enchant monster (bad)
 22783 | Spider:4 | XOM: scenery: create altars
 22860 | Spider:4 | XOM: polymorph hornet -> black mamba
 22878 | Spider:3 | Paralysed by a hornet for 3 turns
 23027 | Spider:4 | Paralysed by a hornet for 1 turns
 23335 | Spider:4 | XOM: polymorph iron imp -> quasit
 23426 | Spider:4 | Got a gossamer rune of Zot
 23614 | Swamp:1  | Entered Level 1 of the Swamp
 23618 | Swamp:1  | XOM: give mutations
 23618 | Swamp:1  | Gained mutation: Your mind is very acute. (Int +4) [Xom's grace]
 23618 | Swamp:1  | Gained mutation: You are somewhat resistant to both further mutation and mutation removal. [Xom's grace]
 23618 | Swamp:1  | Gained mutation: You are almost entirely resistant to further mutation and mutation removal. [Xom's grace]
 23618 | Swamp:1  | Lost mutation: You are almost entirely resistant to further mutation and mutation removal. [Xom's grace]
 23618 | Swamp:1  | Lost mutation: You are somewhat resistant to both further mutation and mutation removal. [Xom's grace]
 23618 | Swamp:1  | Lost mutation: You are somewhat resistant to further mutation. [Xom's grace]
 23618 | Swamp:1  | Gained mutation: You evolve. [Xom's grace]
 23627 | Swamp:1  | Noticed Nikola
 23627 | Swamp:1  | XOM: fog
 23645 | Swamp:1  | Killed Nikola
 23650 | Swamp:1  | Noticed Aizul
 23652 | Swamp:1  | XOM: summons 8 friendly demons
 23653 | Swamp:1  | Noticed Louise
 23657 | Swamp:1  | Killed Louise
 23666 | Swamp:1  | Killed Aizul
 23671 | Swamp:1  | XOM: give mutations
 23671 | Swamp:1  | Gained mutation: You have large cloven feet. [Xom's grace]
 23671 | Swamp:1  | Gained mutation: You have a pair of large horns on your head. [Xom's grace]
 23671 | Swamp:1  | Gained mutation: Your spells are a little harder to cast, but a little more powerful. [Xom's grace]
 23671 | Swamp:1  | Lost mutation: You evolve. [Xom's grace]
 23671 | Swamp:1  | Gained mutation: You are somewhat resistant to further mutation. [Xom's grace]
 23834 | Swamp:1  | XOM: scenery: create altars
 23858 | Swamp:1  | XOM: medium Summ miscast
 23933 | Swamp:1  | XOM: harmless Conj miscast
 23942 | Swamp:1  | XOM: mild Tloc miscast
 23991 | Swamp:1  | XOM: severe Tmut miscast
 24016 | Swamp:1  | XOM: god gift: wand of lightning (?/15) {god gift}
 24237 | Swamp:1  | XOM: summons 3 hostile demons
 24259 | Swamp:1  | Paralysed by a hornet for 3 turns
 24261 | Swamp:1  | XOM: harmless Hex miscast
 24597 | Swamp:1  | XOM: mild Tmut miscast
 24642 | Swamp:1  | XOM: polymorph slime creature -> water nymph
 24862 | Swamp:2  | XOM: summons 2 friendly demons
 24895 | Swamp:2  | Identified the Disquisition on the Mountains and the Traveller
 25180 | Swamp:2  | Noticed a thorn hunter
 25181 | Swamp:2  | XOM: polymorph shambling mangrove -> shambling mangrove
 25185 | Swamp:2  | Killed a thorn hunter
 25187 | Swamp:2  | Reached skill level 15 in Fighting
 25229 | Swamp:2  | XOM: god gift: 49 gold pieces
 25343 | Swamp:2  | XOM: god gift: scroll labeled LEJYON OZXU {god gift}
 25513 | Swamp:2  | XOM: 1-stop teleportation journey
 25621 | Swamp:2  | XOM: mild Erth miscast
 25693 | Swamp:3  | Reached XP level 17. HP: 143/184 MP: 18/22
 25797 | Swamp:3  | XOM: polymorph spiny frog -> polar bear
 25802 | Swamp:3  | XOM: blink monster(s)
 25824 | Swamp:3  | XOM: smoke on damage
 26510 | Swamp:4  | Entered Level 4 of the Swamp
 26539 | Swamp:4  | Noticed Bai Suzhen
 26541 | Swamp:4  | XOM: summons friendly shadow imp
 26548 | Swamp:4  | XOM: god gift: robe {god gift}
 26570 | Swamp:4  | Killed Bai Suzhen
 26570 | Swamp:4  | Reached skill level 18 in Axes
 26573 | Swamp:4  | Noticed Donald
 26579 | Swamp:4  | Killed Donald
 26881 | Swamp:4  | XOM: fog
 26949 | Swamp:4  | XOM: swap monsters
 27068 | Swamp:4  | XOM: smoke on damage
 27080 | Swamp:4  | XOM: blink monster(s)
 27083 | Swamp:4  | XOM: fake destruction
 27121 | Swamp:4  | XOM: 3-stop teleportation journey
 27251 | Swamp:4  | XOM: god gift: 6 meat rations
 27309 | Swamp:4  | XOM: god gift: 12 sling bullets
 27363 | Swamp:3  | XOM: god gift: bound turquoise ring {god gift}
 27364 | Swamp:3  | Got a bound turquoise ring {god gift}
 27365 | Swamp:3  | Identified the ring "Oproatei" {MR+ EV+3} (Xom gifted it to you on level 3 of the Swamp)
 27463 | Swamp:3  | XOM: god gift: scroll of fear
 27645 | Swamp:4  | XOM: summons 14 friendly demons
 27668 | Swamp:4  | Noticed the 27-headed Lernaean hydra
 27679 | Swamp:4  | Killed the 26-headed Lernaean hydra
 27703 | Swamp:4  | XOM: summons 10 friendly demons
 27728 | Swamp:4  | XOM: cleaving
 27911 | Swamp:4  | Got a decaying rune of Zot
 28243 | Orc:1    | XOM: divination: detect creatures
 28337 | Orc:1    | XOM: scenery: create altars
 28377 | Orc:1    | Found a transporter.
 28428 | D:9      | XOM: scenery: create altars
 28452 | D:10     | Entered Level 10 of the Dungeon
 28501 | D:10     | Found Sovijarch's General Store.
 28517 | D:10     | Bought a scroll of teleportation for 45 gold pieces
 28519 | D:10     | XOM: 1-stop teleportation journey
 28910 | D:10     | Found an iron altar of Okawaru.
 28916 | D:10     | Found Noclulafiepp's Antique Weapon Emporium.
 29420 | D:11     | Noticed Erolcha
 29424 | D:11     | Killed Erolcha
 29470 | D:11     | Identified the Reference Book on Burning Feathers
 29550 | D:11     | Learned a level 6 spell: Deflect Missiles
 29558 | D:11     | Learned a level 7 spell: Ring of Flames
 29607 | D:11     | XOM: give mutations
 29607 | D:11     | Gained mutation: You are resistant to electric shocks. (rElec) [Xom's grace]
 29607 | D:11     | Gained mutation: You passively map a small area around you. [Xom's grace]
 29607 | D:11     | Gained mutation: Your muscles are strong. (Str +2) [Xom's grace]
 29607 | D:11     | Lost mutation: You are somewhat resistant to further mutation. [Xom's grace]
 29607 | D:11     | Gained mutation: You evolve. [Xom's grace]
 29832 | D:11     | XOM: summons 1 hostile shadow creature
 29907 | D:11     | XOM: medium Air miscast
 30000 | D:11     | XOM is BORED!
 30000 | D:11     | XOM: harmless Air miscast
 30114 | D:8      | XOM: harmless Conj miscast
 30194 | Temple   | Entered the Ecumenical Temple
 30208 | Temple   | Fell from the grace of Xom
 30208 | Temple   | Became a worshipper of Makhleb the Destroyer
 30453 | D:12     | Noticed Nessos
 30620 | D:12     | Noticed Sonja
 30622 | D:12     | Banished Sonja
 30950 | D:12     | XOM: mild Necr miscast
 31002 | D:12     | Reached * piety under Makhleb
 31240 | D:13     | Found a sparkling altar of Nemelex Xobeh.
 31240 | D:13     | Found a transporter.
 31257 | D:13     | Reached skill level 1 in Invocations
 31730 | D:13     | Reached ** piety under Makhleb
 32248 | D:14     | Gained mutation: A demonic guardian rushes to your aid. [demonic ancestry]
 32248 | D:14     | Reached XP level 18. HP: 173/193 MP: 17/24
 32483 | D:14     | Reached *** piety under Makhleb
 32581 | D:14     | Found a gate to the Vaults.
 32621 | D:14     | XOM: noise
 32698 | D:15     | Entered Level 15 of the Dungeon
 32765 | D:15     | Found a staircase to the Depths.
 32848 | D:15     | Reached **** piety under Makhleb
 33024 | D:15     | XOM: divination: detect creatures
 33076 | D:15     | Got a smoking battleaxe {flame}
 33077 | D:15     | Identified the +5 battleaxe of Bile {flame, rPois Str+2 Int+2 Dex+3} (You took it off a wight on level 15 of the Dungeon)
 33098 | D:15     | XOM: mild Tloc miscast
 33427 | Vaults:1 | Entered Level 1 of the Vaults
 33441 | Vaults:1 | Reached skill level 19 in Axes
 33497 | Vaults:1 | Reached skill level 5 in Invocations
 33500 | Vaults:1 | XOM: swap monsters
 33590 | Vaults:1 | XOM: god gift: war axe {god gift}
 33716 | Vaults:1 | Reached ***** piety under Makhleb
 33762 | Vaults:1 | XOM: mild Fire miscast
 33924 | Vaults:1 | XOM: mild Tloc miscast
 34007 | Vaults:1 | XOM: enchant monster (bad)
 34094 | Vaults:1 | Found Vooh Napu's Book Shoppe.
 35103 | Vaults:2 | Mutation became permanent: You have a pair of horns on your head. [demonic ancestry]
 35103 | Vaults:2 | Gained mutation: You have a pair of large horns on your head. [demonic ancestry]
 35103 | Vaults:2 | Reached XP level 19. HP: 172/204 MP: 20/25
 35129 | Vaults:2 | Reached ****** piety under Makhleb
 35143 | Vaults:2 | Reached skill level 10 in Dodging
 35317 | Vaults:2 | Reached skill level 15 in Armour
 35539 | Vaults:2 | XOM: mild Tmut miscast
 35757 | Vaults:2 | XOM: give mutations
 35757 | Vaults:2 | Lost mutation: Your muscles are strong. (Str +2) [Xom's mischief]
 35757 | Vaults:2 | Lost mutation: Your mind is very acute. (Int +4) [Xom's mischief]
 35757 | Vaults:2 | Lost mutation: You are extremely robust. (+30% HP) [Xom's mischief]
 35972 | Vaults:2 | XOM: summons 4 hostile demons
 36008 | Vaults:2 | Reached skill level 20 in Axes
 36077 | Vaults:2 | Found an ancient bone altar of Kikubaaqudgha.
 36225 | Vaults:2 | XOM: mild Pois miscast
 36255 | Vaults:2 | Found a staircase to the Crypt.
 36255 | Vaults:2 | Found a basalt altar of Yredelemnul.
 36563 | Vaults:3 | XOM: enchant monster (bad)
 36756 | Vaults:3 | Paralysed by a hornet for 2 turns
 37048 | Vaults:3 | XOM: summons 6 hostile demons
 37342 | Vaults:4 | Reached XP level 20. HP: 200/200 MP: 22/27
 37681 | Vaults:4 | XOM: mild Erth miscast
 37816 | Vaults:4 | Reached skill level 10 in Invocations
 37839 | Vaults:4 | Gained mutation: You are extremely robust. (+30% HP) [evolution]
 38068 | Vaults:4 | Noticed Jory
 38396 | Vaults:4 | Found Oskota's Gadget Shop.
 38625 | Vaults:1 | XOM: summons 14 hostile demons
 38710 | Depths:1 | Entered Level 1 of the Depths
 38803 | Depths:1 | Found Buod's Jewellery Boutique.
 38834 | Depths:1 | XOM: mild Necr miscast
 39091 | Depths:1 | Found a gateway to Hell.
 39150 | Depths:1 | Found a corrupted altar of Lugonu.
 39152 | Depths:1 | Found a one-way gate to the infinite horrors of the Abyss.
 39297 | Depths:1 | Found Wopy's Gadget Boutique.
 39297 | Depths:1 | Found Vuirgh's Jewellery Emporium.
 39298 | Depths:1 | Found Zoeceicu's Gadget Boutique.
 39308 | Depths:1 | Bought an uncursed ring of protection from fire for 525 gold pieces
 39310 | Depths:1 | Bought a fan of gales for 720 gold pieces
 39314 | Depths:1 | Bought a phantom mirror for 540 gold pieces
 39516 | Depths:2 | XOM: mild Erth miscast
 39631 | Depths:2 | Reached XP level 21. HP: 227/227 MP: 25/29
 39652 | Depths:2 | Reached skill level 21 in Axes
 39883 | Depths:2 | Noticed Margery
 39907 | Depths:2 | Killed Margery
 40670 | Depths:3 | Found a corrupted altar of Lugonu.
 40900 | Depths:3 | Found a portal to a secret trove of treasure.
 40945 | Depths:3 | Found a one-way gate leading to the halls of Pandemonium.
 40967 | Depths:3 | XOM: summons 1 hostile shadow creature
 41216 | Depths:4 | Lost mutation: You are extremely robust. (+30% HP) [evolution]
 41222 | Depths:4 | Found Gozag's Antique Weapon Emporium.
 41239 | Depths:4 | Found Gozag's Assorted Antiques.
 41244 | Depths:4 | Noticed a golden dragon
 41244 | Depths:4 | Found an opulent altar of Gozag.
 41261 | Depths:4 | Found Gozag's Antique Weapon Shoppe.
 41329 | Depths:4 | XOM: summons 10 friendly demons
 41375 | Depths:4 | Banished a golden dragon
 41737 | D:10     | Bought the +8 mithril axe "Arga" {speed, MR+} for 2131 gold pieces
 41904 | Depths:3 | You paid a toll of the mithril axe "Arga" to enter a treasure trove
 41905 | Trove    | Entered a treasure trove
 41933 | Trove    | Identified Oniajish's Catalogue of the Supportive Snowflakes
 41942 | Trove    | Got a pair of pitted gloves
 41953 | Trove    | Identified the +0 pair of gloves "Neocoi" {Str+4} (You found it in a treasure trove)
 41957 | Trove    | Got a scorched battleaxe
 41958 | Trove    | Identified the +4 battleaxe "Spiderslayer" {flame, Stlth+} (You found it in a treasure trove)
 42244 | Elf:1    | Entered Level 1 of the Elven Halls
 42524 | Elf:1    | Identified the Reference Book on Attacks
 42622 | Elf:1    | XOM: blink monster(s)
 42693 | Elf:1    | Noticed Roxanne
 42705 | Elf:1    | Killed Roxanne
 42990 | Elf:1    | XOM: scenery: create altars
 42990 | Elf:1    | Was forgiven by Xom
 43316 | Elf:2    | Gained mutation: When low on magic, you restore magic in place of health. [demonic ancestry]
 43316 | Elf:2    | Reached XP level 22. HP: 219/220 MP: 29/31
 43324 | Elf:2    | Found a runed gate.
 43326 | Elf:2    | Found a runed gate.
 43327 | Elf:2    | Found a runed gate.
 43476 | Elf:3    | Entered Level 3 of the Elven Halls
 43941 | Elf:3    | Got a clouded lead ring
 43948 | Elf:3    | Identified the Compendium of Evil and Transmutation
 43982 | Elf:3    | Identified the ring of Ryat {rElec MR+ Str-3 Int+2 Stlth+} (You found it on level 3 of the Elven Halls)
 44265 | Elf:3    | Reached skill level 22 in Axes
 44295 | Elf:3    | Found Hehoicor's Weapon Shoppe.
 44338 | Elf:3    | Cast into level 2 of the Abyss (trident of distortion)
 44423 | Abyss:2  | Found a shimmering altar of Xom.
 44649 | Elf:3    | Escaped the Abyss
 45371 | Vaults:5 | Entered Level 5 of the Vaults
 45384 | Vaults:5 | Noticed an ancient lich
 45399 | Vaults:5 | Killed an ancient lich
 45609 | Vaults:5 | Gained mutation: Your magical and physical power is enhanced at high health. [demonic ancestry]
 45609 | Vaults:5 | Reached XP level 23. HP: 213/230 MP: 24/33
 45747 | Vaults:4 | Killed Jory
 45777 | Vaults:5 | Noticed an ancient lich
 46042 | Vaults:5 | Killed an ancient lich
 46064 | Vaults:5 | Reached skill level 15 in Invocations
 46962 | Vaults:5 | Got a silver rune of Zot
 47873 | Depths:4 | Found a gateway to a ziggurat.
 47882 | Depths:4 | Reached skill level 23 in Axes
 47919 | Zig:1    | Entered Level 1 of a ziggurat
 47942 | Zig:2    | Entered Level 2 of a ziggurat
 47983 | Zig:3    | Entered Level 3 of a ziggurat
 47986 | Zig:3    | Noticed Qarritsamp the pandemonium lord
 48004 | Zig:3    | Gained mutation: You expend magic power (3 MP) to strengthen your wands. [a cacodemon]
 48007 | Zig:3    | Killed Qarritsamp the pandemonium lord
 48150 | Zig:4    | Entered Level 4 of a ziggurat
 48169 | Zig:4    | HP: 2/232 [pearl dragon (25)]
 48170 | Zig:4    | Killed from afar by a pearl dragon

Skill      XL: |  1  2  3  4  5  6  7  8  9 10 11 12 13 14 15 16 17 18 19 20 21 22 23 |
---------------+----------------------------------------------------------------------+-----
Dodging        | 1 2 4 6 7 8 9 10 11 12 13 14 | 14.0
Armour         | 2 3 4 6 7 8 9 10 11 12 13 14 15 16 17 | 17.8
Axes           | 3 4 5 6 8 9 11 13 14 16 17 18 19 20 21 22 23 | 23.0
Fighting       | 4 5 7 8 9 10 11 12 13 14 15 16 17 18 19 | 19.1
Evocations     | 3 5 7 9 |  9.0
Invocations    | 2 7 9 11 12 14 15 | 15.7

Action                   |  1- 3 |  4- 6 |  7- 9 | 10-12 | 13-15 | 16-18 | 19-21 | 22-24 || total
-------------------------+-------+-------+-------+-------+-------+-------+-------+-------++-------
Melee: Hand axe          |   111 |    96 |   402 |   167 |       |       |       |       ||   776
       Headbutt          |       |    19 |    84 |    86 |   139 |   206 |   248 |   125 ||   907
       Executioner's axe |       |       |       |   204 |   782 |   969 |  1005 |   494 ||  3454
       Kick              |       |       |       |       |    21 |   156 |       |       ||   177
Invok: Major Destruction |       |       |       |       |       |       |     4 |     1 ||     5
       Minor Destruction |       |       |       |       |       |       |     1 |       ||     1
       Greater Servant o |       |       |       |       |       |       |       |     6 ||     6
Evoke: Wand              |       |       |     3 |     8 |    13 |    27 |     4 |       ||    55
       Box of beasts     |       |       |       |       |     1 |     3 |     2 |       ||     6
  Use: Potion            |       |     6 |     2 |     1 |     4 |     8 |       |     4 ||    25
       Scroll            |       |       |     9 |    18 |     7 |    17 |     8 |     3 ||    62
 Stab: Confused          |     1 |       |     1 |       |     7 |     1 |       |       ||    10
       Fleeing           |       |     1 |       |       |       |       |       |       ||     1
       Petrified         |       |     3 |     1 |     2 |     1 |       |       |       ||     7
       Petrifying        |       |       |     1 |     1 |     1 |       |       |       ||     3
       Distracted        |       |       |     8 |     4 |    10 |     9 |     7 |     6 ||    44
       Paralysed         |       |       |     7 |       |       |       |       |       ||     7
       Invisible         |       |       |       |       |     1 |       |       |       ||     1
  Eat: Chunk             |     3 |     8 |    11 |    12 |    25 |    26 |    15 |     2 ||   102
       Meat ration       |       |       |       |     1 |       |       |       |       ||     1
       Bread ration      |       |       |       |       |     1 |     4 |     3 |     4 ||    12
Armor: Leather armour    |    38 |     8 |       |       |       |       |       |       ||    46
       Skin              |       |     9 |       |       |     3 |       |       |       ||    12
       Chain mail        |       |    14 |   299 |   197 |   550 |   287 |       |       ||  1347
       Storm dragon scal |       |       |       |       |       |   214 |       |       ||   214
       Plate armour      |       |       |       |       |       |   157 |   439 |   322 ||   918
Dodge: Dodged            |    72 |    54 |   191 |   140 |   476 |   706 |   673 |   416 ||  2728
